SR
GIBTOWN ELEPHANTS @ GREENPORT HARBOR WHALES
07/20/2033
 
TOP OF THE 1ST
Gibtown Elephants batting - Pitching for Greenport Harbor Whales : RHP Chia-kang Xiao
Pitching: RHP Chia-kang Xiao
Batting: RHB Francis Raffone 0-0: Ball
1-0: Foul Ball, location: 2F
1-1: Foul Ball, location: 2F
1-2: Foul Ball, location: 2F
1-2: Ball
2-2: SOLO HOME RUN (Flyball, 89XD), Distance : 407 ft
Batting: RHB Arnie Taylor 0-0: Called Strike
0-1: Ball
1-1: Swinging Strike
1-2: Strikes out swinging
Batting: LHB DeMarvion Overshown 0-0: Ball
1-0: Called Strike
1-1: Called Strike
1-2: DOUBLE (Line Drive, 9LM)
Batting: RHB Zi-cheng Sun 0-0: Ball
1-0: Ball
2-0: Swinging Strike
2-1: Ball
3-1: Fly out, F7 (Line Drive, 7S)
Batting: RHB Tae-gyoon Ch'oe 0-0: Swinging Strike
0-1: Ball
1-1: Foul Ball, location: 2F
1-2: Foul Ball, location: 2F
1-2: Ball
2-2: Ball
3-2: Ground out 4-3 (Groundball, 4)
Top of the 1st over - 1 run, 2 hits, 0 errors, 1 left on base; Gibtown 1 - Greenport 0
BOTTOM OF THE 1ST
Greenport Harbor Whales batting - Pitching for Gibtown Elephants : RHP Ernesto López
Pitching: RHP Ernesto López
Batting: RHB Jesús Bautista 0-0: SINGLE (Line Drive, 56D)
Batting: RHB Ernesto Rivera 0-0: Ball
Jesús Bautista steals 2nd base
1-0: Called Strike
1-1: SINGLE (Groundball, 56S) (infield hit)
Jesús Bautista to third
Batting: RHB Jon Rabbetts 0-0: Ball
Wild Pitch!
Jesús Bautista scores
Ernesto Rivera to second
1-0: Ball
2-0: Ground out 3-1 (Groundball, 34S)
Ernesto Rivera to third
Batting: RHB Tak-wai Jia 0-0: Ball
1-0: Ball
2-0: Foul Ball, location: 2F
2-1: SINGLE (Line Drive, 7S)
Ernesto Rivera scores
Batting: LHB Francisco Torres 0-0: Foul Ball, location: 2F
0-1: Swinging Strike
0-2: Fly out, F9 (Flyball, 9)
Batting: RHB Jon Hill 0-0: Called Strike
0-1: Foul Ball, location: 2F
0-2: Ball
1-2: Ball
Wild Pitch!
Tak-wai Jia to second
2-2: Strikes out swinging
Bottom of the 1st over - 2 runs, 3 hits, 0 errors, 1 left on base; Gibtown 1 - Greenport 2
TOP OF THE 2ND
Gibtown Elephants batting - Pitching for Greenport Harbor Whales : RHP Chia-kang Xiao
Batting: SHB Wren Driscoll 0-0: Called Strike
0-1: Ball
1-1: Ball
2-1: Swinging Strike
2-2: Ball
3-2: Strikes out looking
Batting: RHB Tae-wan Park 0-0: Ball
1-0: Called Strike
1-1: Swinging Strike
1-2: Ball
2-2: Strikes out swinging
Batting: RHB Don Parker 0-0: SINGLE (Groundball, 56D)
Batting: RHB Emerson O'Drunen 0-0: Ball
1-0: Called Strike
1-1: Foul Ball, location: 2F
1-2: Ground out 5-3 (Groundball, 56S)
Top of the 2nd over - 0 runs, 1 hit, 0 errors, 1 left on base; Gibtown 1 - Greenport 2
BOTTOM OF THE 2ND
Greenport Harbor Whales batting - Pitching for Gibtown Elephants : RHP Ernesto López
Batting: SHB Ricardo Ríos 0-0: Called Strike
0-1: Ball
1-1: Swinging Strike
1-2: Ball
2-2: Strikes out looking
Batting: RHB Michael Rideout 0-0: Called Strike
0-1: Ball
1-1: SINGLE (Line Drive, 8RS)
Batting: LHB Jun Yang 0-0: Fly out, F7 (Flyball, 7)
Batting: RHB Jesús Bautista 0-0: Called Strike
0-1: Called Strike
0-2: Strikes out swinging
Bottom of the 2nd over - 0 runs, 1 hit, 0 errors, 1 left on base; Gibtown 1 - Greenport 2
TOP OF THE 3RD
Gibtown Elephants batting - Pitching for Greenport Harbor Whales : RHP Chia-kang Xiao
Batting: RHB Francis Raffone 0-0: Ball
1-0: Ball
2-0: Foul Ball, location: 2F
2-1: Ball
3-1: Called Strike
3-2: Fly out, F6 (Popup, P)
Batting: RHB Arnie Taylor 0-0: Ball
1-0: Ball
2-0: Ball
3-0: Called Strike
3-1: Swinging Strike
3-2: Base on Balls
Batting: LHB DeMarvion Overshown 0-0: DOUBLE (Line Drive, 89D)
Arnie Taylor to third
Batting: RHB Zi-cheng Sun 0-0: Ball
1-0: Foul Ball, location: 2F
1-1: Ground out 4-3 (Groundball, 4)
Arnie Taylor scores
DeMarvion Overshown to third
Batting: RHB Tae-gyoon Ch'oe 0-0: Ball
1-0: Foul Ball, location: 2F
1-1: Foul Ball, location: 2F
1-2: Ball
2-2: SINGLE (Flyball, 8RS)
DeMarvion Overshown scores
Pitching: RHP Sylvain Millot
Batting: SHB Wren Driscoll 0-0: Called Strike
0-1: Ball
1-1: Ground out 4-3 (Groundball, 4)
Top of the 3rd over - 2 runs, 2 hits, 0 errors, 1 left on base; Gibtown 3 - Greenport 2
BOTTOM OF THE 3RD
Greenport Harbor Whales batting - Pitching for Gibtown Elephants : RHP Ernesto López
Batting: RHB Ernesto Rivera 0-0: Ball
1-0: Foul Ball, location: 2F
1-1: Foul Ball, location: 2F
1-2: Foul Ball, location: 2F
1-2: Fly out, F7 (Flyball, 78M)
Batting: RHB Jon Rabbetts 0-0: Ball
1-0: Ball
2-0: DOUBLE (Line Drive, 7LS)
Batting: RHB Tak-wai Jia 0-0: Ball
1-0: Fly out, F8 (Flyball, 8RD)
Runner from 2nd tags up, OUT at 3rd
Bottom of the 3rd over - 0 runs, 1 hit, 0 errors, 0 left on base; Gibtown 3 - Greenport 2
TOP OF THE 4TH
Gibtown Elephants batting - Pitching for Greenport Harbor Whales : RHP Sylvain Millot
Batting: RHB Tae-wan Park 0-0: Fly out, F8 (Flyball, 8LD)
Batting: RHB Don Parker 0-0: Swinging Strike
0-1: Ground out 6-3 (Groundball, 6)
Batting: RHB Emerson O'Drunen 0-0: Foul Ball, location: 2F
0-1: Ball
1-1: Foul Ball, location: 2F
1-2: Ball
2-2: Ball
3-2: Strikes out swinging
Top of the 4th over - 0 runs, 0 hits, 0 errors, 0 left on base; Gibtown 3 - Greenport 2
BOTTOM OF THE 4TH
Greenport Harbor Whales batting - Pitching for Gibtown Elephants : RHP Ernesto López
Batting: LHB Francisco Torres 0-0: Ball
1-0: Ground out 4-3 (Groundball, 4)
Batting: RHB Jon Hill 0-0: Foul Ball, location: 2F
0-1: Ball
1-1: Ball
2-1: SINGLE (Line Drive, 7S)
Batting: SHB Ricardo Ríos 0-0: Called Strike
0-1: Ball
1-1: Fly out, F6 (Popup, 6)
Batting: RHB Michael Rideout 0-0: Ball
1-0: Foul Ball, location: 2F
1-1: 2-RUN HOME RUN (Flyball, 7LD), Distance : 342 ft
Batting: LHB Jun Yang 0-0: Ball
1-0: Foul Ball, location: 2F
1-1: Ball
2-1: SINGLE (Groundball, 4MD)
Batting: RHB Jesús Bautista 0-0: Ball
1-0: Fielders Choice at 2nd, 6-4 (Groundball, 6)
Bottom of the 4th over - 2 runs, 3 hits, 0 errors, 1 left on base; Gibtown 3 - Greenport 4
TOP OF THE 5TH
Gibtown Elephants batting - Pitching for Greenport Harbor Whales : RHP Sylvain Millot
Batting: RHB Francis Raffone 0-0: Called Strike
0-1: Ball
1-1: Ground out 5-3 (Groundball, 56S)
Batting: RHB Arnie Taylor 0-0: Fly out, F8 (Line Drive, 89S)
Batting: LHB DeMarvion Overshown 0-0: Ball
1-0: Foul Ball, location: 2F
1-1: Foul Ball, location: 2F
1-2: Ball
2-2: Fly out, F9 (Line Drive, 89S)
Top of the 5th over - 0 runs, 0 hits, 0 errors, 0 left on base; Gibtown 3 - Greenport 4
BOTTOM OF THE 5TH
Greenport Harbor Whales batting - Pitching for Gibtown Elephants : RHP Ernesto López
Batting: RHB Ernesto Rivera 0-0: Called Strike
0-1: Ball
1-1: Ball
2-1: Called Strike
2-2: Strikes out looking
Batting: RHB Jon Rabbetts 0-0: Swinging Strike
0-1: Called Strike
0-2: Ball
1-2: Ball
2-2: Strikes out looking
Batting: RHB Tak-wai Jia 0-0: SINGLE (Flyball, 89S)
Batting: LHB Francisco Torres 0-0: Ball
1-0: Foul Ball, location: 2F
1-1: Swinging Strike
1-2: Strikes out looking
Bottom of the 5th over - 0 runs, 1 hit, 0 errors, 1 left on base; Gibtown 3 - Greenport 4
TOP OF THE 6TH
Gibtown Elephants batting - Pitching for Greenport Harbor Whales : RHP Sylvain Millot
Batting: RHB Zi-cheng Sun 0-0: Ground out 4-3 (Groundball, 4)
Batting: RHB Tae-gyoon Ch'oe 0-0: Ball
1-0: Foul Ball, location: 2F
1-1: Called Strike
1-2: Foul Ball, location: 2F
1-2: Ball
2-2: Ball
3-2: Ground out 4-3 (Groundball, 4M)
Batting: SHB Wren Driscoll 0-0: Called Strike
0-1: Foul Ball, location: 2F
0-2: Fly out, F9 (Flyball, 89M)
Top of the 6th over - 0 runs, 0 hits, 0 errors, 0 left on base; Gibtown 3 - Greenport 4
BOTTOM OF THE 6TH
Greenport Harbor Whales batting - Pitching for Gibtown Elephants : RHP Ernesto López
Batting: RHB Jon Hill 0-0: Swinging Strike
0-1: Ball
1-1: Ball
2-1: Swinging Strike
2-2: Ball
3-2: Strikes out swinging
Batting: SHB Ricardo Ríos 0-0: Foul Ball, location: 2F
0-1: Called Strike
0-2: Ball
1-2: Foul Ball, location: 2F
1-2: Strikes out swinging, 2-3 out at first.
Batting: RHB Michael Rideout 0-0: Called Strike
0-1: Called Strike
0-2: Ball
1-2: Ball
2-2: Strikes out swinging
Bottom of the 6th over - 0 runs, 0 hits, 0 errors, 0 left on base; Gibtown 3 - Greenport 4
TOP OF THE 7TH
Gibtown Elephants batting - Pitching for Greenport Harbor Whales : RHP Sylvain Millot
Batting: RHB Tae-wan Park 0-0: Fly out, F7 (Flyball, 7D)
Batting: RHB Don Parker 0-0: Called Strike
0-1: Ball
1-1: Swinging Strike
1-2: SINGLE (Flyball, 89S)
Batting: RHB Emerson O'Drunen 0-0: Ball
1-0: Foul Ball, location: 2F
1-1: Swinging Strike
1-2: Ball
2-2: Fly out, F8 (Flyball, 8LM)
Batting: RHB Francis Raffone 0-0: Called Strike
0-1: Ball
1-1: Foul Ball, location: 2F
1-2: Ball
2-2: Strikes out swinging
Top of the 7th over - 0 runs, 1 hit, 0 errors, 1 left on base; Gibtown 3 - Greenport 4
BOTTOM OF THE 7TH
Greenport Harbor Whales batting - Pitching for Gibtown Elephants : RHP Ernesto López
Batting: LHB Jun Yang 0-0: Hit by Pitch
Batting: RHB Jesús Bautista 0-0: Bunted foul
0-1: Bunted foul
0-2: Fly out, F9 (Flyball, 89M)
Pinch Hitting: SHB Júlio Soto 0-0: Ball
1-0: Foul Ball, location: 2F
1-1: Ground out U3 (Groundball, 3S)
Jun Yang to second
Batting: RHB Jon Rabbetts 0-0: Foul Ball, location: 2F
0-1: Foul Ball, location: 2F
0-2: Ball
1-2: SINGLE (Groundball, 56S) (infield hit)
Jun Yang to third
Batting: RHB Tak-wai Jia 0-0: Ball
1-0: Foul Ball, location: 2F
1-1: Ball
2-1: Fly out, F9 (Flyball, 9LS)
Bottom of the 7th over - 0 runs, 1 hit, 0 errors, 2 left on base; Gibtown 3 - Greenport 4
TOP OF THE 8TH
Gibtown Elephants batting - Pitching for Greenport Harbor Whales : RHP Sylvain Millot
Now at C: Fabrice Gaudin
Now at 3B: Júlio Soto
Batting: RHB Arnie Taylor 0-0: Foul Ball, location: 2F
0-1: Foul Ball, location: 2F
0-2: Ball
1-2: Ball
2-2: Ball
3-2: SINGLE (Flyball, 78S)
Batting: LHB DeMarvion Overshown 0-0: Called Strike
0-1: Foul Ball, location: 2F
0-2: Ball
1-2: Foul Ball, location: 2F
1-2: Foul Ball, location: 2F
1-2: Fly out, F3 (Popup, 3F)
Batting: RHB Zi-cheng Sun 0-0: Ball
1-0: Ball
2-0: Foul Ball, location: 2F
2-1: Ball
3-1: Foul Ball, location: 2F
3-2: Grounds into double play, 1-4-3 (Groundball, 15)
Top of the 8th over - 0 runs, 1 hit, 0 errors, 0 left on base; Gibtown 3 - Greenport 4
BOTTOM OF THE 8TH
Greenport Harbor Whales batting - Pitching for Gibtown Elephants : RHP Ernesto López
Batting: LHB Francisco Torres 0-0: Ball
1-0: Ball
2-0: Foul Ball, location: 2F
2-1: Ground out U3 (Groundball, 34)
Batting: RHB Jon Hill 0-0: Foul Ball, location: 2F
0-1: Called Strike
0-2: Ball
1-2: Foul Ball, location: 2F
1-2: Ball
2-2: Ball
3-2: Base on Balls
Pitching: RHP José Rosales
Batting: SHB Ricardo Ríos 0-0: Ball
1-0: Foul Ball, location: 2F
1-1: Ball
2-1: Called Strike
2-2: Ball
3-2: Base on Balls
Jon Hill to second
Batting: RHB Michael Rideout 0-0: Swinging Strike
0-1: Ground out 6-3 (Groundball, 56D)
Jon Hill to third
Ricardo Ríos to second
Batting: LHB Jun Yang 0-0: Foul Ball, location: 2F
0-1: Foul Ball, location: 2F
0-2: Ball
1-2: Ball
2-2: Strikes out swinging
Bottom of the 8th over - 0 runs, 0 hits, 0 errors, 2 left on base; Gibtown 3 - Greenport 4
TOP OF THE 9TH
Gibtown Elephants batting - Pitching for Greenport Harbor Whales : RHP Sylvain Millot
Pitching: RHP Orinosuke Sato
Batting: RHB Tae-gyoon Ch'oe 0-0: Foul Ball, location: 2F
0-1: Ball
1-1: Ball
2-1: Foul Ball, location: 2F
2-2: Ball
3-2: Foul Ball, location: 2F
3-2: Strikes out looking
Batting: SHB Wren Driscoll 0-0: Ball
1-0: Swinging Strike
1-1: Ground out 4-3 (Groundball, 4)
Batting: RHB Tae-wan Park 0-0: Ball
1-0: Ball
2-0: Ball
3-0: Called Strike
3-1: Called Strike
3-2: Base on Balls
Batting: RHB Don Parker 0-0: SINGLE (Flyball, 9S)
Tae-wan Park to second
Runner from 2nd tries for 3rd, SAFE, throw made to third
Batting: RHB Emerson O'Drunen 0-0: Ball
1-0: Foul Ball, location: 2F
1-1: Ball
2-1: Called Strike
2-2: Ball
3-2: Ground out 5-3 (Groundball, 56S)
Top of the 9th over - 0 runs, 1 hit, 0 errors, 2 left on base; Gibtown 3 - Greenport 4
Saturday, December 22nd, 2018 - OOTP Baseball 18.8 Build 76